 Dungeon Crawl Stone Soup version 0.29-a0-383-g8b6f518c11 (webtiles) character file.

Game seed: 8915929718171533724

24977 Bruhh the Frost Mage (level 13, -7/97 (98) HPs)
             Began as a Gnoll Ice Elementalist on May 6, 2022.
             Was a High Priest of Cheibriados.
             Mangled by a goliath frog (8 damage)
             ... on level 4 of the Lair of Beasts.
             The game lasted 00:41:32 (13330 turns).

Bruhh the Frost Mage (Gnoll Ice Elementalist)      Turns: 13330, Time: 00:41:33

HP:   -7/97 (98)    AC:  5    Str: 20    XL:     13   Next: 16%
MP:   2/26          EV: 19    Int: 37    God:    Cheibriados [*****.]
Gold: 732           SH:  0    Dex: 22    Spells: 11/31 levels left

rFire   + + .      SeeInvis +   X - +5 short sword "Killer Klown's Curse" {spect, rElec rF+++ Str-3 Dex-2}
rCold   . . .      Faith    .   (no shield)
rNeg    . . .      Spirit   .   q - +0 troll leather armour {Pargi}
rPois   .          Reflect  .   g - +0 hat "Feewiuhesy" {rElec rF- Str+3 Int+5}
rElec   +          Harm     .   (no cloak)
rCorr   +          Rampage  .   (no gloves)
Will    +....                   (no boots)
Stlth   ++++......              G - amulet of regeneration
HPRegen 1.86/turn               M - ring of see invisible
MPRegen 0.20/turn               O - ring of Fablinlo {Contam Fly Will+ rCorr}

@: about to teleport, flying, slowed, lightly drained, very slow
A: fangs 1, strong nose, distributed training
a: Renounce Religion, Bend Time, Temporal Distortion, Slouch, Step From Time


You were on level 4 of the Lair of Beasts.
You worshipped Cheibriados.
Cheibriados was extremely pleased with you.
You visited 3 branches of the dungeon, and saw 16 of its levels.

You collected 732 gold pieces.

Inventory:

Hand Weapons
 d - a +1 whip of electrocution
 s - a +2 antimagic war axe
 u - a +0 short sword of venom
 w - a +0 scimitar of flaming
 K - a +2 vampiric long sword
 X - the +5 short sword "Killer Klown's Curse" (weapon) {spect, rElec rF+++ Str-3 Dex-2}
   (You acquired it on level 3 of the Lair of Beasts)

   When its wielder attacks, the weapon's spirit leaps out and strikes again.
   The spirit shares a part of any damage it takes with its wielder.
   Str:       It affects your strength (-3).
   Dex:       It affects your dexterity (-2).
   rF:        It renders you almost immune to fire.
   rElec:     It insulates you from electricity.
Missiles
 n - 15 poisoned darts
Armour
 a - a +0 robe
 g - the +0 hat "Feewiuhesy" (worn) {rElec rF- Str+3 Int+5}
   (You acquired it on level 3 of the Lair of Beasts)

   Str:       It affects your strength (+3).
   Int:       It affects your intelligence (+5).
   rF:        It makes you vulnerable to fire.
   rElec:     It insulates you from electricity.
 l - a +0 hat of intelligence
 q - a +0 troll leather armour (worn) {Pargi}
 x - +0 swamp dragon scales
Jewellery
 k - an amulet of magic regeneration
 G - an amulet of regeneration (around neck)
 J - an amulet of guardian spirit
 M - a ring of see invisible (left hand)
 O - the ring of Fablinlo (right hand) {Contam Fly Will+ rCorr}
   (You acquired it on level 3 of the Lair of Beasts)

   [ring of willpower]

   Fly:       It grants you flight.
   Contam:    It causes magical contamination when unequipped.
   rCorr:     It protects you from acid and corrosion.
   Will:      It increases your willpower.
 W - a ring of protection from fire
Wands
 p - a wand of charming (2)
 I - a wand of paralysis (9)
 P - a wand of flame (4)
 T - a wand of acid (2)
Scrolls
 c - 2 scrolls of magic mapping
 e - a scroll of silence
 f - a scroll of immolation
 h - 2 scrolls of blinking
 i - a scroll of poison
 m - 2 scrolls of torment
 r - 3 scrolls of teleportation
 t - a scroll of vulnerability
 y - 4 scrolls of amnesia
 D - 3 scrolls of enchant weapon
 E - 2 scrolls of enchant armour
 H - 2 scrolls of summoning
 Q - 2 scrolls of noise {unknown}
 U - 2 scrolls of fear {unknown}
Potions
 b - 2 potions of magic
 j - a potion of lignification
 o - 2 potions of attraction
 v - 2 potions of curing
 z - a potion of haste {unknown}
 A - 3 potions of mutation {unknown}
 B - a potion of brilliance {unknown}
 C - a potion of degeneration
 F - a potion of flight {unknown}
 N - a potion of invisibility {unknown}
 R - a potion of cancellation {unknown}
 S - 3 potions of ambrosia {unknown}
 V - a potion of heal wounds {unknown}
Miscellaneous
 L - a phial of floods


   Skills:
 + Level 8.0 Fighting
 + Level 8.0 Short Blades
 + Level 8.0 Long Blades
 + Level 8.0 Axes
 + Level 8.0 Maces & Flails
 + Level 8.0 Polearms
 + Level 8.0 Staves
 + Level 8.0 Slings
 + Level 8.0 Bows
 + Level 8.0 Crossbows
 + Level 8.0 Throwing
 + Level 8.0 Armour
 + Level 9.3 Dodging
 + Level 9.1 Stealth
 + Level 8.0 Shields
 + Level 8.0 Unarmed Combat
 + Level 9.5 Spellcasting
 + Level 6.7 Conjurations
 + Level 6.7 Hexes
 + Level 6.7 Summonings
 + Level 6.7 Necromancy
 + Level 6.7 Translocations
 + Level 6.7 Transmutations
 + Level 6.7 Fire Magic
 + Level 9.8 Ice Magic
 + Level 6.7 Air Magic
 + Level 6.7 Earth Magic
 + Level 6.7 Poison Magic
 + Level 8.8 Invocations
 + Level 8.0 Evocations


You had 11 spell levels left.
You knew the following spells:

 Your Spells              Type           Power      Damage    Failure   Level
a - Freeze                Ice            100%       1d11      1%          1
b - Frozen Ramparts       Ice            100%       1d12      1%          3
c - Ozocubu's Armour      Ice            74%        N/A       1%          3
d - Lesser Beckoning      Tloc           61%        N/A       1%          3
e - Hailstorm             Conj/Ice       68%        3d14      1%          4
f - Scorch                Fire           100%       2d10      1%          2
g - Flame Wave            Conj/Fire      61%        2d12      1%          4

Your spell library contained the following spells:

 Spells                   Type           Power      Damage    Failure   Level
 Sting                    Tmut/Pois      100%       1d8       1%          1
 Poisonous Vapours        Pois/Air       100%       N/A       1%          2
 Gell's Gravitas          Tloc           61%        N/A       1%          3
 Teleport Other           Tloc           61%        N/A       1%          3
 Olgreb's Toxic Radiance  Pois           61%        N/A       1%          4
 Summon Cactus Giant      Summ           30%        N/A       26%         6
 Borgnjor's Revivificati  Necr           30%        N/A       100%        8
 Necromutation            Tmut/Necr      30%        N/A       100%        8
 Death's Door             Necr           30%        N/A       100%        9


Dungeon Overview and Level Annotations

Branches:
Dungeon (11/15)            Temple (1/1) D:7            Lair (4/6) D:10
 Shoals (0/4) Lair:2       Spider (0/4) Lair:4          Orc (0/2) D:9

Altars:
Cheibriados
Gozag
Nemelex Xobeh
Okawaru
Trog
Xom

Shops:
D:1 [   D:10 *

Annotations:
D:6 3 runed translucent doors, Morbidden's ghost, novice DsBr


Innate Abilities, Weirdness & Mutations

You have very sharp teeth.
Your uncanny sense of smell can sniff out nearby items.
Your experience applies equally to all skills.


Message History

Blink to where?
Press: ? - help, Dir - move target Your icy armour and frozen ramparts will break if you move.
Continue? [Y]es or [N]o only, please.
Your icy armour and frozen ramparts will break if you move.
Continue?
Your icy armour cracks and falls away as you move.
The frozen ramparts melt away as you move.
As you read the scroll of blinking, it crumbles to dust.
You pick up a Young Poisoner's Handbook and begin reading...
You add the spells Sting, Poisonous Vapours and Olgreb's Toxic Radiance to your library.
The wraith hits you. The wraith drains your vigour!
You feel as though you will be slow longer.
Casting: Flame Wave (mildly dangerous; 1% risk of failure)
Confirm with . or Enter, or press ? or * to list all spells.
Okay, then.
As you read the scroll of teleportation, it crumbles to dust.
You feel strangely unstable.
The elephant is no longer more vulnerable to fire.
The wraith hits you.
* * * LOW HITPOINT WARNING * * *
The goliath frog hits you from afar.
* * * LOW HITPOINT WARNING * * *
You are splashed with acid.
You resist.
* * * LOW HITPOINT WARNING * * *
An elephant comes into view.
The wraith closely misses you. The wraith hits you!
* * * LOW HITPOINT WARNING * * *
The wraith drains your vigour!
You feel as though you will be slow longer.
The elephant attacks as you move away! The elephant misses you.
The elephant trunk-slaps you.
* * * LOW HITPOINT WARNING * * *
The goliath frog hits you from afar.
* * * LOW HITPOINT WARNING * * *
You are splashed with acid.
You resist.
* * * LOW HITPOINT WARNING * * *
The elephant tramples you!
* * * LOW HITPOINT WARNING * * *
You are shoved backwards!
The goliath frog hits you from afar!
You die...

######### #.......#
#.......# .....
#.....Y@## ....#
#...WWW..# ....#
#.#...WF..# ....#
###...Y### ....###
#.†......# ......#
##).Y...# ##....#
##.Y....##
#.....####........##
.......#.........≈≈≈.


You could see 4 elephants, a goliath frog and 4 wraiths.

Vanquished Creatures
  Josephine (Lair:4)
  4 hydras
  Erica (D:10)
  A two-headed ogre (D:9)
  Urug (Lair:3)
  8 elephants
  4 black mambas
  6 cane toads
  Maggie (D:6)
  A rime drake (Lair:2)
  2 komodo dragons
  A polar bear (Lair:3)
  A troll (D:8)
  A hornet (D:10)
  Prince Ribbit (D:7)
  3 blink frogs (Lair:1)
  5 basilisks
  2 wyverns
  A shadow (D:7)
  22 yaks
  Eustachio (D:5)
  A redback (Lair:4)
  2 steam dragons
  10 vampire mosquitoes
  Menkaure (D:4)
  An acid dragon (D:10)
  7 water moccasins
  5 orc warriors
  2 hell hounds (Lair:2)
  An ice beast (D:5)
  3 sky beasts
  Pargi (D:4)
  2 black bears
  2 ogres
  3 wolves (Lair:2)
  6 centaurs
  2 kobold brigands
  Blork the orc (D:6)
  A necrophage (D:4)
  8 bullfrogs
  5 scorpions
  7 wights
  10 killer bees
  4 howler monkeys
  4 jellies
  4 hounds
  An orc priest (D:7)
  Jessica (D:2)
  4 iguanas
  7 orc wizards
  4 gnolls (D:5)
  4 adders
  A shadow imp (D:8)
  A white imp (D:7)
  An ufetubus (D:5)
  3 worms
  6 dart slugs
  29 orcs
  2 ball pythons
  5 bats
  10 endoplasms
  4 giant cockroaches
  7 goblins
  7 hobgoblins
  5 jackals (D:4)
  14 kobolds
  A quokka (D:1)
  5 frilled lizards
  10 rats
293 creatures vanquished.

Vanquished Creatures (others)
  An orc wizard (D:10)
  19 fungi
  34 plants
54 creatures vanquished.

Grand Total: 347 creatures vanquished

Notes
Turn   | Place    | Note
-------+----------+-------------------------------------------
     0 | D:1      | Bruhh the Gnoll Ice Elementalist began the quest for the
                  | Orb.
     0 | D:1      | Reached XP level 1. HP: 13/13 MP: 6/6
   342 | D:1      | Reached XP level 2. HP: 16/20 MP: 7/7
   530 | D:1      | Found Fadozxel's Armour Shoppe.
   928 | D:1      | Reached XP level 3. HP: 21/25 MP: 9/9
   932 | D:1      | Learned a level 3 spell: Frozen Ramparts
   936 | D:1      | Learned a level 3 spell: Ozocubu's Armour
  1101 | D:1      | Reached skill level 5 in Spellcasting
  1101 | D:1      | Found a faded altar of an unknown god.
  1516 | D:2      | You fall into a shaft and drop 1 floor!
  1525 | D:3      | Reached skill level 1 in Invocations
  2261 | D:3      | Reached skill level 1 in Fighting
  2261 | D:3      | Reached skill level 1 in Short Blades
  2261 | D:3      | Reached skill level 1 in Long Blades
  2261 | D:3      | Reached skill level 1 in Axes
  2261 | D:3      | Reached skill level 1 in Maces & Flails
  2261 | D:3      | Reached skill level 1 in Polearms
  2261 | D:3      | Reached skill level 1 in Staves
  2261 | D:3      | Reached skill level 1 in Slings
  2261 | D:3      | Reached skill level 1 in Bows
  2261 | D:3      | Reached skill level 1 in Crossbows
  2261 | D:3      | Reached skill level 1 in Throwing
  2261 | D:3      | Reached skill level 1 in Armour
  2261 | D:3      | Reached skill level 1 in Shields
  2261 | D:3      | Reached skill level 1 in Unarmed Combat
  2261 | D:3      | Reached skill level 1 in Evocations
  2484 | D:2      | Reached XP level 4. HP: 31/32 MP: 11/11
  2529 | D:2      | Noticed Jessica
  2532 | D:2      | Killed Jessica
  2533 | D:2      | Reached skill level 1 in Conjurations
  2533 | D:2      | Reached skill level 1 in Hexes
  2533 | D:2      | Reached skill level 1 in Summonings
  2533 | D:2      | Reached skill level 1 in Necromancy
  2533 | D:2      | Reached skill level 1 in Translocations
  2533 | D:2      | Reached skill level 1 in Transmutations
  2533 | D:2      | Reached skill level 1 in Fire Magic
  2533 | D:2      | Reached skill level 1 in Air Magic
  2533 | D:2      | Reached skill level 1 in Earth Magic
  2533 | D:2      | Reached skill level 1 in Poison Magic
  2595 | D:2      | Found a shimmering altar of Xom.
  3064 | D:2      | Reached XP level 5. HP: 31/37 MP: 10/12
  3672 | D:4      | Reached XP level 6. HP: 44/44 MP: 11/13
  3750 | D:4      | Noticed Pargi
  3757 | D:4      | Killed Pargi
  3758 | D:4      | Reached skill level 5 in Dodging
  3844 | D:4      | Noticed Menkaure
  3854 | D:4      | Killed Menkaure
  3855 | D:4      | Reached XP level 7. HP: 10/50 MP: 11/15
  3981 | D:4      | Found a bloodstained altar of Trog.
  4310 | D:5      | Entered Level 5 of the Dungeon
  4344 | D:5      | Reached skill level 5 in Stealth
  4511 | D:5      | Reached XP level 8. HP: 38/57 MP: 10/16
  4999 | D:5      | Noticed Eustachio
  5018 | D:5      | Killed Eustachio
  5234 | D:6      | Noticed Blork the orc
  5240 | D:6      | Killed Blork the orc
  5288 | D:6      | Noticed Maggie
  5296 | D:6      | Killed Maggie
  5522 | D:6      | Reached XP level 9. HP: 51/65 MP: 15/18
  5562 | D:6      | Found a runed translucent gate.
  5562 | D:6      | Found a runed translucent gate.
  5562 | D:6      | Found a runed translucent gate.
  5563 | D:6      | Found an opulent altar of Gozag.
  5565 | D:6      | Noticed Morbidden's ghost (novice DsBr)
  6026 | D:7      | Noticed Prince Ribbit
  6037 | D:7      | Killed Prince Ribbit
  6427 | D:7      | Found a staircase to the Ecumenical Temple.
  6500 | D:7      | Reached skill level 5 in Invocations
  6552 | Temple   | Entered the Ecumenical Temple
  6632 | Temple   | Became a worshipper of Cheibriados the Contemplative
  7052 | D:8      | Reached XP level 10. HP: 73/73 MP: 20/20
  7265 | D:8      | Reached * piety under Cheibriados
  7270 | D:8      | Reached skill level 5 in Fighting
  7270 | D:8      | Reached skill level 5 in Short Blades
  7270 | D:8      | Reached skill level 5 in Long Blades
  7270 | D:8      | Reached skill level 5 in Axes
  7270 | D:8      | Reached skill level 5 in Maces & Flails
  7270 | D:8      | Reached skill level 5 in Polearms
  7270 | D:8      | Reached skill level 5 in Staves
  7270 | D:8      | Reached skill level 5 in Slings
  7270 | D:8      | Reached skill level 5 in Bows
  7270 | D:8      | Reached skill level 5 in Crossbows
  7270 | D:8      | Reached skill level 5 in Throwing
  7270 | D:8      | Reached skill level 5 in Armour
  7270 | D:8      | Reached skill level 5 in Shields
  7270 | D:8      | Reached skill level 5 in Unarmed Combat
  7270 | D:8      | Reached skill level 5 in Evocations
  8059 | D:9      | Found a staircase to the Orcish Mines.
  8214 | D:9      | Reached ** piety under Cheibriados
  8381 | D:9      | Noticed a two-headed ogre
  8400 | D:9      | Killed a two-headed ogre
  8401 | D:9      | Reached XP level 11. HP: 81/81 MP: 22/22
  8897 | D:10     | Entered Level 10 of the Dungeon
  8922 | D:10     | Reached skill level 5 in Conjurations
  8922 | D:10     | Reached skill level 5 in Hexes
  8922 | D:10     | Reached skill level 5 in Summonings
  8922 | D:10     | Reached skill level 5 in Necromancy
  8922 | D:10     | Reached skill level 5 in Translocations
  8922 | D:10     | Reached skill level 5 in Transmutations
  8922 | D:10     | Reached skill level 5 in Fire Magic
  8922 | D:10     | Reached skill level 5 in Air Magic
  8922 | D:10     | Reached skill level 5 in Earth Magic
  8922 | D:10     | Reached skill level 5 in Poison Magic
  9003 | D:10     | Reached *** piety under Cheibriados
  9030 | D:10     | Found a staircase to the Lair.
  9452 | D:10     | Noticed Erica
  9469 | D:10     | Killed Erica
  9521 | D:10     | Found Tal Dufe's Demolitions Depot.
  9745 | D:11     | Noticed a two-headed ogre
  9745 | D:11     | Noticed a centaur warrior
  9776 | Lair:1   | Entered Level 1 of the Lair of Beasts
  9801 | Lair:1   | Learned a level 3 spell: Lesser Beckoning
  9806 | Lair:1   | Learned a level 4 spell: Hailstorm
 10417 | Lair:1   | Learned a level 2 spell: Scorch
 10422 | Lair:1   | Learned a level 4 spell: Flame Wave
 10434 | Lair:1   | Noticed an eight-headed hydra
 10441 | Lair:1   | Killed an eight-headed hydra
 11031 | Lair:2   | Reached **** piety under Cheibriados
 11032 | Lair:2   | Reached XP level 12. HP: 37/89 MP: 17/24
 11407 | Lair:2   | Found a staircase to the Shoals.
 12242 | Lair:3   | Found an iron altar of Okawaru.
 12418 | Lair:3   | Noticed a seven-headed hydra
 12459 | Lair:3   | Reached ***** piety under Cheibriados
 12468 | Lair:3   | Killed a seven-headed hydra
 12722 | Lair:3   | Noticed an eight-headed hydra
 12732 | Lair:3   | Killed an eight-headed hydra
 12748 | Lair:3   | Identified 3 scrolls of acquirement
 12748 | Lair:3   | Acquired the +0 hat "Feewiuhesy" {rElec rF- Str+3 Int+5}
 12761 | Lair:3   | Acquired the +5 short sword "Killer Klown's Curse" {spect,
                  | rElec rF+++ Str-3 Dex-2}
 12765 | Lair:3   | Acquired the ring of Fablinlo {Contam Fly Will+ rCorr}
 12905 | Lair:3   | Noticed Urug
 12919 | Lair:3   | Killed Urug
 13082 | Lair:4   | Reached XP level 13. HP: 96/98 MP: 26/26
 13304 | Lair:4   | Found a hole to the Spider Nest.
 13314 | Lair:4   | Noticed Josephine
 13325 | Lair:4   | Killed Josephine
 13330 | Lair:4   | HP: 1/97 [elephant (10)]
 13330 | Lair:4   | Mangled by a goliath frog

Illustrated notes

Levels and vault maps discovered:
D:1:      enne_arrival_octagon_isle, layout_basic, serial_glass,
          glass_columns_a, glass_columns_a, item_on_display_a,
          due_unseen_surprise, hellmonk_ecumenical_altar_lost_god, serial_shops,
          nicolae_shop_hallway_plus
D:2:      layout_loops_ring, basic_altar, uniq_jessica
D:3:      layout_basic, hex_intersection
D:4:      layout_loops_ring, trog_antimagical, uniq_menkaure, uniq_pargi
D:5:      layout_gridville, chequers_hall_statues_corner_a, uniq_eustachio
D:6:      layout_basic, ebering_ghost_gozag, uniq_maggie, uniq_blork_the_orc
D:7:      layout_basic, minmay_temple_entry_fiery, uniq_prince_ribbit1
D:8:      layout_cave_pods
D:9:      layout_gridville, orc_0_dummy
D:10:     layout_loops_ring, grunt_lair_entry_orc_guard_hut, grunt_ministairs_2,
          nicolae_blasting_shop, uniq_erica
D:11:     layout_small_grid, minmay_fractal_squares_gapless_7
Temple:   mainiacjoe_temple_trianglar_array
Lair:1:   layout_cave_pods
Lair:2:   layout_regular_city, minmay_shoals_entry_centaurs, enter_volcano_3,
          lemuel_fruit_fields
Lair:3:   layout_roguey, basic_altar, uniq_urug
Lair:4:   onia_ninara_swampy_vault, layout_hall_layers, spider_nest_entry_a,
          ebering_ghost_inner_flame, uniq_josephine

Skill      XL: |  1  2  3  4  5  6  7  8  9 10 11 12 13 |
---------------+----------------------------------------+-----
Spellcasting   | 5 6 7 8 9 |  9.5
Invocations    | 1 2 3 4 5 6 7 8 |  8.8
Fighting       | 1 2 3 4 5 6 7 8 |  8.0
Short Blades   | 1 2 3 4 5 6 7 8 |  8.0
Long Blades    | 1 2 3 4 5 6 7 8 |  8.0
Axes           | 1 2 3 4 5 6 7 8 |  8.0
Maces & Flails | 1 2 3 4 5 6 7 8 |  8.0
Polearms       | 1 2 3 4 5 6 7 8 |  8.0
Staves         | 1 2 3 4 5 6 7 8 |  8.0
Slings         | 1 2 3 4 5 6 7 8 |  8.0
Bows           | 1 2 3 4 5 6 7 8 |  8.0
Crossbows      | 1 2 3 4 5 6 7 8 |  8.0
Throwing       | 1 2 3 4 5 6 7 8 |  8.0
Armour         | 1 2 3 4 5 6 7 8 |  8.0
Shields        | 1 2 3 4 5 6 7 8 |  8.0
Unarmed Combat | 1 2 3 4 5 6 7 8 |  8.0
Evocations     | 1 2 3 4 5 6 7 8 |  8.0
Conjurations   | 1 2 3 4 5 6 |  6.7
Hexes          | 1 2 3 4 5 6 |  6.7
Summonings     | 1 2 3 4 5 6 |  6.7
Necromancy     | 1 2 3 4 5 6 |  6.7
Translocations | 1 2 3 4 5 6 |  6.7
Transmutations | 1 2 3 4 5 6 |  6.7
Fire Magic     | 1 2 3 4 5 6 |  6.7
Air Magic      | 1 2 3 4 5 6 |  6.7
Earth Magic    | 1 2 3 4 5 6 |  6.7
Poison Magic   | 1 2 3 4 5 6 |  6.7
Dodging        | 5 6 7 8 9 |  9.3
Stealth        | 5 6 7 8 9 |  9.1
Ice Magic      | 8 9 |  9.8

Action                   |  1- 3 |  4- 6 |  7- 9 | 10-12 | 13-15 || total
-------------------------+-------+-------+-------+-------+-------++-------
Melee: Whip              |    94 |    42 |    13 |       |       ||   149
       Bite              |     5 |     6 |    18 |    34 |     2 ||    65
       Punch             |       |     1 |     2 |    17 |     3 ||    23
       War axe           |       |       |    33 |       |       ||    33
       Scimitar          |       |       |   118 |    78 |       ||   196
       Short sword       |       |       |    13 |     4 |    14 ||    31
       Long sword        |       |       |       |   228 |       ||   228
Throw: Dart              |       |       |     6 |    25 |     3 ||    34
 Cast: Freeze            |    10 |    50 |    62 |    57 |       ||   179
       Frozen Ramparts   |       |     4 |    13 |    40 |     3 ||    60
       Ozocubu's Armour  |       |     2 |    12 |    31 |     4 ||    49
       Scorch            |       |       |       |    41 |    12 ||    53
       Flame Wave        |       |       |       |     4 |     4 ||     8
       Lesser Beckoning  |       |       |       |     1 |       ||     1
       Hailstorm         |       |       |       |     1 |       ||     1
Evoke: Phial of floods   |       |       |       |     1 |       ||     1
  Use: Potion            |       |       |       |     7 |       ||     7
       Scroll            |       |       |       |    15 |     4 ||    19
 Stab: Sleeping          |    15 |       |     7 |     6 |       ||    28
       Distracted        |       |       |       |     2 |       ||     2
Armor: Robe              |     8 |     8 |       |       |       ||    16
       Troll leather arm |       |     1 |    73 |   114 |    20 ||   208
       Skin              |       |       |       |    21 |       ||    21
Dodge: Dodged            |    51 |    50 |   215 |   427 |    75 ||   818

Table legend: (Time is in decaauts)
 A = Elapsed time spent in this place.
 B = Non-inter-level travel time spent in this place.
 C = Inter-level travel time spent in this place.
 D = Time resting spent in this place.
 E = Time spent auto-exploring this place.
 F = Levels seen in this place.
 G = Mean time per level.
                   A        B        C        D        E       F      G
               +--------+--------+--------+--------+--------+-----+--------+
         Total |  15847 |  15342 |    505 |      0 |  12518 |  16 |  990.4 |
       Dungeon |  10770 |  10397 |    373 |      0 |   8603 |  11 |  979.1 |
        Temple |    115 |     97 |     18 |      0 |     61 |   1 |  115.0 |
          Lair |   4961 |   4847 |    114 |      0 |   3854 |   4 | 1240.2 |
               +--------+--------+--------+--------+--------+-----+--------+

Top non-repeatable levels by time:
  Lair:2: 1778 daAuts
  Lair:1: 1628 daAuts
     D:1: 1487 daAuts
    D:10: 1274 daAuts
  Lair:3: 1254 daAuts
     D:9: 1229 daAuts
     D:8: 1209 daAuts
     D:7: 1187 daAuts
     D:4: 1139 daAuts
     D:3: 983 daAuts
     D:5: 874 daAuts
     D:2: 710 daAuts
     D:6: 673 daAuts
  Lair:4: 299 daAuts
  Temple: 115 daAuts
